 Dungeon Crawl Stone Soup version 0.31-a0-963-ga325b2283a (webtiles) character file.

Game seed: 13038133176667740588

32105 wingedge the Martial Artist (level 13, -2/101 HPs)
             Began as a Demonspawn Earth Elementalist on Oct 20, 2023.
             Was a High Priest of Vehumet.
             Slain by a death yak (8 damage)
             ... on level 3 of the Lair of Beasts on Oct 24, 2023.
             The game lasted 01:06:16 (21215 turns).

wingedge the Martial Artist (DsEE)                 Turns: 21215, Time: 01:06:17

Health: -2/101     AC: 24    Str: 11    XL:     13   Next: 29%
Magic:  19/23      EV: 14    Int: 20    God:    Vehumet [*****.]
Gold:   921        SH:  4    Dex: 13    Spells: 17/26 levels left

rFire   + .          .
                       - Unarmed
rCold   + . .        (no shield)
rNeg    . . .        K - +0 acid dragon scales
rPois   +            (helmet restricted)
rElec   .            m - +2 cloak
rCorr   +            (gloves unavailable)
SInv    .            T - +0 pair of boots of Niomipp {rPois rF+ rC+}
Will    .....        (no amulet)
Stlth   ++           S - +4 ring of protection
HPRegen 0.36/turn    r - +4 ring of protection
MPRegen 0.18/turn

%: no passive effects
@: no status effects
A: antennae 2, claws 3, icemail 1, condensation shield, demonic magic 3,
weakness stinger 1
a: Renounce Religion


You were on level 3 of the Lair of Beasts.
You worshipped Vehumet.
Vehumet was extremely pleased with you.
You visited 3 branches of the dungeon, and saw 13 of its levels.

You collected 921 gold pieces.

Inventory:

Missiles
 j - 4 javelins
 u - 2 curare-tipped darts
 C - 6 boomerangs
 E - 19 poisoned darts
 H - a throwing net
Armour
 a - a +3 scale mail
 m - a +2 cloak (worn)
 J - a +1 leather armour of cold resistance
 K - +0 acid dragon scales (worn)
 O - a +0 kite shield
 P - a +2 robe of willpower
 Q - a +1 scale mail of fire resistance
 T - the +0 pair of boots of Niomipp (worn) {rPois rF+ rC+}
   (You found it on level 1 of the Lair of Beasts)

   rF+:       It protects you from fire.
   rC+:       It protects you from cold.
   rPois:     It protects you from poison
 U - the +1 ring mail "Qismoag" {Int+2 Stlth+}
   (You found it on level 2 of the Lair of Beasts)

   Int+2:     It affects your intelligence (+2).
   Stlth+:    It makes you more stealthy.
Magical Staves
 o - a staff of conjuration
Jewellery
 k - a ring of protection from cold
 r - a +4 ring of protection (right claw)
 s - a ring of see invisible
 F - a ring of magical power
 S - a +4 ring of protection (left claw)
Talismans
 X - a maw talisman
Wands
 i - a wand of charming (4)
 A - a wand of flame (39)
 B - a wand of roots (22)
 R - a wand of mindburst (6)
 W - a wand of digging (3)
Scrolls
 e - a scroll of poison {unknown}
 f - 6 scrolls of immolation
 g - 6 scrolls of enchant armour
 l - 2 scrolls of blinking {unknown}
 q - a scroll of fog {unknown}
 v - 4 scrolls of noise
 y - 2 scrolls of vulnerability {unknown}
 G - 4 scrolls of teleportation
 I - 2 scrolls of amnesia {unknown}
 V - a scroll of revelation {unknown}
Potions
 c - 4 potions of brilliance
 d - a potion of berserk rage {unknown}
 h - 3 potions of ambrosia
 n - 10 potions of curing
 p - 3 potions of haste {unknown}
 t - 3 potions of lignification {unknown}
 w - 2 potions of mutation {unknown}
 x - a potion of attraction {unknown}
 z - 3 potions of heal wounds {unknown}
 D - 3 potions of enlightenment {unknown}
 L - a potion of cancellation {unknown}
 M - 3 potions of resistance {unknown}
Miscellaneous
 N - a condenser vane (quivered)


   Skills:
 + Level 9.2 Fighting
 + Level 7.7 Armour
 + Level 7.7 Dodging
 - Level 2.0 Stealth
 + Level 9.4 Unarmed Combat
 - Level 7.0 Spellcasting
 - Level 9.0 Conjurations
 + Level 3.2 Summonings
 - Level 0.8 Transmutations
 - Level 7.0 Earth Magic
 - Level 3.0 Evocations
 + Level 1.1 Shapeshifting


You had 17 spell levels left.
You knew the following spells:

 Your Spells              Type           Power      Damage    Failure   Level
a - Sandblast             Erth           70%        2d15      1%          1
b - Stone Arrow           Conj/Erth      78%        3d11      1%          3
p - Iskenderun's Battles  Conj           43%        2d9       2%          5

Your spell library contained the following spells:

 Spells                   Type           Power      Damage    Failure   Level
 Airstrike                Air            3%         2d(1-17)  32%         4
 Kiss of Death            Conj/Necr      100%       2d13      1%          1
 Brom's Barrelling Bould  Conj/Erth      39%        2d6       1%          4
 Passwall                 Tmut/Erth      18%        N/A       4%          2
 Flame Wave               Conj/Fire      25%        2d8       6%          4
 Sticky Flame             Conj/Fire      25%        2d5       6%          4
 Inner Flame              Hex/Fire       7%         N/A       11%         3
 Animate Armour           Summ/Erth      54%        N/A       17%         4
 Cigotuvi's Dreadful Rot  Necr/Pois/Air  14%        N/A       21%         2
 Petrify                  Tmut/Erth      22%        N/A       26%         4
 Confusing Touch          Hex            7%         N/A       38%         3
 Gell's Gravitas          Tloc           7%         N/A       38%         3
 Teleport Other           Tloc           7%         N/A       38%         3
 Dispel Undead            Necr           7%         3d8       80%         4
 Manifold Assault         Tloc           7%         N/A       80%         4
 Lehudib's Crystal Spear  Conj/Erth      19%        10d6      99%         8
 Death Channel            Necr           3%         N/A       100%        6
 Dispersal                Tloc           3%         N/A       100%        6
 Disjunction              Tloc           3%         N/A       100%        8


Dungeon Overview and Level Annotations

Branches:
Dungeon (9/15)             Temple (1/1) D:7            Lair (3/5) D:8
 Spider (0/4) Lair:3
  Swamp: Lair:2-3    Shoals: Lair:2-3       Orc: D:9-12

Altars:
Ashenzari
Cheibriados
Dithmenos
Fedhas
Gozag
Hepliaklqana
Kikubaaqudgha
Makhleb
Nemelex Xobeh
Okawaru
Qazlal
Ru
Sif Muna
Trog
Uskayaw
Vehumet
Wu Jian
Xom
Yredelemnul

Shops:
D:5 (

Annotations:
Lair:1 animate armor next


Innate Abilities, Weirdness & Mutations

You have a pair of antennae on your head.
You have claws for hands.
A meltable icy envelope protects you from harm. (AC +4)
A meltable shield of frost defends you. (SH +4)
Spells you cast and wands you use may paralyse nearby enemies.
You have a small tail.


Message History

* * * LOW HITPOINT WARNING * * *
The death yak gores you.
* * * LOW HITPOINT WARNING * * *
You barely miss the death yak.
You tail-slap the death yak, but do no damage.
The death yak is heavily wounded.
The death yak gores you!
* * * LOW HITPOINT WARNING * * *
The death yak gores you but does no damage.
Magic courses through your body. The death yak gores you!
* * * LOW HITPOINT WARNING * * *
The death yak gores you but does no damage.
Casting: Stone Arrow (safe; 1% risk of failure)
Confirm with . or Enter, or press ? or * to list all spells.
Aiming: Stone Arrow (safe; 1% risk of failure)
Press: ? - help, Shift-Dir - straight line, f/p - death yak
Aim: a death yak (heavily wounded, 91% to hit)
The stone arrow hits the death yak!!
The death yak is almost dead.
Malevolent energies surge around you. You block the death yak's attack.
The death yak misses you.
Casting: Stone Arrow (safe; 1% risk of failure)
Confirm with . or Enter, or press ? or * to list all spells.
Aiming: Stone Arrow (safe; 1% risk of failure)
Press: ? - help, Shift-Dir - straight line, f/p - death yak
Aim: a death yak (almost dead, 91% to hit)
The stone arrow hits the death yak!
You kill the death yak!
Vehumet accepts your kill.
You feel your power returning. Malevolent energies surge around you.
The death yak gores you but does no damage.
Casting: Stone Arrow (safe; 1% risk of failure)
Confirm with . or Enter, or press ? or * to list all spells.
Aiming: Stone Arrow (safe; 1% risk of failure)
Press: ? - help, Shift-Dir - straight line, f - death yak
Aim: a death yak (lightly wounded, 91% to hit)
The stone arrow hits the death yak!!
The death yak is moderately wounded.
Malevolent energies surge around you. The death yak gores you!
You die...

........... ........#
......# ........# .....#
#.#.....# .# .....#
####...###...# #....##
...#.........###.....#
....+..##.....#.[...#
...#...+ ....##P.†Y.#
.#.##..###..####.@..#
..##....#..####.....#
#..##
+.#.#...##.##.#P....# ##
##.....
....................#
#.##.#....
........................
......[...
........................
..........
#.#.....................
.......#
###.....................
#####
#....##.#....#......##
##...##


You could see a death yak.

Vanquished Creatures
  A hydra (Lair:1)
  2 centaur warriors
  2 death yaks (Lair:3)
  A two-headed ogre (D:9)
  An orc sorcerer (D:9)
  2 cyclopes (D:9)
  An elephant (Lair:2)
  2 black mambas (Lair:1)
  2 torpor snails (Lair:3)
  A gargoyle (D:9)
  8 cane toads
  Maggie (D:8)
  5 kobold demonologists (D:9)
  2 rime drakes
  Psyche (D:9)
  9 komodo dragons
  A polar bear (Lair:3)
  A troll (D:9)
  Grinder (D:3)
  3 hornets
  5 blink frogs (Lair:1)
  2 culicivoras (Lair:3)
  3 jumping spiders (Lair:3)
  2 wyverns
  32 yaks
  A basilisk (Lair:1)
  A vampire mosquito (D:9)
  A redback (Lair:3)
  8 wargs (D:9)
  Edmund (D:5)
  A swamp worm (Lair:3)
  An acid dragon (D:8)
  A hell hound (D:9)
  11 water moccasins
  5 orc warriors (D:9)
  3 ice beasts
  An ogre (D:7)
  A sky beast (D:7)
  14 wolves
  7 centaurs
  3 phantoms
  5 kobold brigands
  2 elf zombies (D:7)
  8 gnoll sergeants (D:9)
  4 elf skeletons (D:7)
  15 bullfrogs
  4 scorpions
  3 wights (D:7)
  9 killer bees
  An electric eel (Lair:1)
  12 howler monkeys
  A human zombie (D:7)
  6 gnoll boudas
  2 jellies
  8 hounds
  3 orc priests (D:9)
  6 orc wizards
  16 iguanas
  2 human skeletons (D:7)
  8 gnolls
  10 adders
  A shadow imp (D:5)
  A white imp (D:6)
  4 ufetubi
  3 worms
  A dart slug (D:1)
  21 orcs
  10 ball pythons
  7 endoplasms
  5 giant cockroaches
  5 goblins
  6 hobgoblins
  3 jackals (D:1)
  3 quokkas
  5 bats
  16 frilled lizards
  18 kobolds
  An orc skeleton (D:7)
  An orc zombie (D:7)
  5 rats
392 creatures vanquished.

Vanquished Creatures (collateral kills)
  A black bear (D:8)
1 creature vanquished.

Grand Total: 393 creatures vanquished

Notes
Turn   | Place    | Note
-------+----------+-------------------------------------------
     0 | D:1      | wingedge the Demonspawn Earth Elementalist began the quest
                  | for the Orb.
     0 | D:1      | Reached XP level 1. HP: 13/13 MP: 3/3
   194 | D:1      | Discovered your monstrous ancestry.
   194 | D:1      | Gained mutation: You have a pair of small antennae on your
                  | head. [demonic ancestry]
   194 | D:1      | Reached XP level 2. HP: 19/19 MP: 3/5
   687 | D:1      | Gained mutation: Spells you cast may paralyse adjacent
                  | enemies. [demonic ancestry]
   687 | D:1      | Reached XP level 3. HP: 24/24 MP: 4/6
  1750 | D:2      | Gained mutation: You have sharp fingernails. [demonic
                  | ancestry]
  1750 | D:2      | Reached XP level 4. HP: 30/30 MP: 4/8
  2226 | D:3      | Noticed Grinder
  2236 | D:3      | Paralysed by Grinder for 2 turns
  2253 | D:3      | Paralysed by Grinder for 3 turns
  2445 | D:3      | Found a stormy altar of Qazlal.
  2507 | D:3      | Found a basalt altar of Yredelemnul.
  2598 | D:3      | Learned a level 3 spell: Stone Arrow
  2619 | D:4      | Gained mutation: You have very sharp fingernails. [demonic
                  | ancestry]
  2619 | D:4      | Reached XP level 5. HP: 35/35 MP: 4/11
  3103 | D:4      | Gained mutation: You have claws for hands. [demonic
                  | ancestry]
  3103 | D:4      | Reached XP level 6. HP: 41/41 MP: 5/12
  3171 | D:4      | Found a sparkling altar of Nemelex Xobeh.
  3253 | D:4      | Found a radiant altar of Vehumet.
  3261 | D:4      | Became a worshipper of Vehumet
  4094 | D:3      | Paralysed by Grinder for 4 turns
  4099 | D:3      | Killed Grinder
  4100 | D:3      | Reached skill level 5 in Conjurations
  4100 | D:3      | Reached XP level 7. HP: 43/47 MP: 1/13
  4287 | D:5      | Entered Level 5 of the Dungeon
  4298 | D:5      | Reached skill level 1 in Fighting
  4421 | D:5      | You fall into a shaft and drop 3 floors!
  4568 | D:6      | Found a sacrificial altar of Ru.
  4607 | D:6      | Reached skill level 1 in Unarmed Combat
  4686 | D:5      | Found Tisoz's Antique Weapon Shoppe.
  5066 | D:6      | Found an opulent altar of Gozag.
  5077 | D:6      | Gained mutation: A meltable shield of frost defends you.
                  | (SH +4) [demonic ancestry]
  5077 | D:6      | Reached XP level 8. HP: 58/58 MP: 7/14
  5706 | D:5      | Reached skill level 5 in Earth Magic
  5830 | D:5      | Reached * piety under Vehumet
  5830 | D:5      | Offered knowledge of Magic Dart by Vehumet.
  6386 | D:5      | Noticed Edmund
  6397 | D:5      | Killed Edmund
  6810 | D:7      | Gained mutation: A meltable icy envelope protects you from
                  | harm. (AC +4) [demonic ancestry]
  6810 | D:7      | Reached XP level 9. HP: 64/65 MP: 6/15
  7364 | D:7      | Found a staircase to the Ecumenical Temple.
  7369 | D:7      | Reached skill level 5 in Unarmed Combat
  7508 | Temple   | Entered the Ecumenical Temple
  7573 | D:7      | Reached skill level 1 in Armour
  8920 | D:8      | Reached skill level 5 in Fighting
  9188 | D:8      | Reached ** piety under Vehumet
  9188 | D:8      | Offered knowledge of Momentum Strike by Vehumet.
  9225 | D:8      | Gained mutation: You have a pair of antennae on your head.
                  | [demonic ancestry]
  9225 | D:8      | Reached XP level 10. HP: 74/74 MP: 5/16
  9346 | D:8      | Found a staircase to the Lair.
  9484 | D:8      | Noticed Maggie
  9592 | D:8      | Killed Maggie
  9593 | D:8      | Reached skill level 5 in Armour
  9593 | D:8      | Reached skill level 5 in Dodging
 10391 | D:9      | Noticed Psyche
 10692 | D:9      | Noticed a centaur warrior
 11401 | D:9      | Noticed a centaur warrior
 11407 | D:8      | Killed a centaur warrior
 11624 | D:9      | Offered knowledge of Poisonous Vapours by Vehumet.
 11833 | D:9      | Gained mutation: Spells you cast may paralyse nearby
                  | enemies. [demonic ancestry]
 11833 | D:9      | Reached XP level 11. HP: 66/81 MP: 8/17
 11957 | D:9      | Noticed an orc sorcerer
 11962 | D:9      | Killed an orc sorcerer
 11968 | D:9      | Noticed a sixfirhy
 12098 | D:9      | Reached *** piety under Vehumet
 12608 | D:9      | Killed Psyche
 12830 | D:9      | Reached skill level 1 in Evocations
 12910 | D:9      | Offered knowledge of Volatile Blastmotes by Vehumet.
 13039 | D:9      | Reached skill level 5 in Spellcasting
 13543 | D:9      | Noticed a two-headed ogre
 13584 | D:9      | Reached **** piety under Vehumet
 13766 | D:9      | Killed a two-headed ogre
 13964 | D:9      | Killed a centaur warrior
 13964 | D:9      | Offered knowledge of Iskenderun's Battlesphere by Vehumet.
 14127 | D:9      | Learned a level 5 spell: Iskenderun's Battlesphere
 14546 | D:9      | Found a burning altar of Makhleb.
 14580 | D:9      | Found an ancient bone altar of Kikubaaqudgha.
 14733 | D:9      | Gained mutation: You have a small tail. [demonic ancestry]
 14733 | D:9      | Reached XP level 12. HP: 91/91 MP: 15/20
 15143 | D:8      | Upgraded the game from 0.31-a0-940-gdaa99269f9 to
                  | 0.31-a0-960-g0fca184906
 15143 | D:8      | Upgraded the game from 0.31-a0-960-g0fca184906 to
                  | 0.31-a0-963-ga325b2283a
 15144 | D:12     | Identified the "Uhyiqeax"
 15144 | Lair:1   | Entered Level 1 of the Lair of Beasts
 16138 | Lair:1   | Reached ***** piety under Vehumet
 16145 | Lair:1   | Offered knowledge of Airstrike by Vehumet.
 16833 | Lair:1   | Identified the +0 pair of boots of Niomipp {rPois rF+ rC+}
 16901 | Lair:1   | Noticed a four-headed hydra
 16906 | Lair:1   | Killed a four-headed hydra
 18448 | Lair:2   | Reached skill level 1 in Summonings
 19178 | Lair:2   | Identified the +1 ring mail "Qismoag" {Int+2 Stlth+}
 19952 | Lair:3   | Gained mutation: Spells you cast and wands you use may
                  | paralyse nearby enemies. [demonic ancestry]
 19952 | Lair:3   | Reached XP level 13. HP: 100/100 MP: 12/23
 20098 | Lair:3   | Found a hole to the Spider Nest.
 21204 | Lair:3   | Reached skill level 1 in Shapeshifting
 21212 | Lair:3   | HP: 5/101 [death yak (7)]
 21215 | Lair:3   | Slain by a death yak

Illustrated notes

Levels and vault maps discovered:
D:1:      matt_arrival_los_fun, layout_basic, corner_web_ring
D:2:      layout_basic
D:3:      layout_rooms, mainiacjoe_overflow_tiny_flanked,
          mainiacjoe_overflow_boulevard, minmay_misc_feat_more_columns,
          uniq_grinder
D:4:      layout_gridville, kennysheep_mini_moat, nicolae_vehumet_radiance
D:5:      layout_rooms, serial_shops, shop, uniq_edmund
D:6:      layout_loops_ring, mainiacjoe_overflow_paths, grunt_gozag_statues
D:7:      layout_gridville, temple_green, nicolae_ossuary_entry_catacombs
D:8:      layout_basic, due_lair_maze_entry_diamond, nrook_mini_vaults,
          uniq_maggie
D:9:      lemuel_castle_with_subvaults [lemuel_castle_interior_carwin_2],
          layout_irregular_city, mainiacjoe_overflow_two_lobes,
          minmay_pinched_square, uniq_psyche
Temple:   minmay_temple_curvy_branch
Lair:1:   lemuel_reptile_caves, layout_cave_pods, dreamdust_gnoll_shepherd,
          serial_bayou_shore_b
Lair:2:   layout_roguey, beast_lair_carwin_9
Lair:3:   layout_regular_city, palyth_hydra_swamp_entry,
          nicolae_spider_entry_tight_spaces, pdpol_lair_cabin_in_the_woods

Skill      XL: |  1  2  3  4  5  6  7  8  9 10 11 12 13 |
---------------+----------------------------------------+-----
Earth Magic    | 3 4 5 6 7 |  7.0
Spellcasting   | 4 5 7 |  7.0
Conjurations   | 3 5 6 7 8 9 |  9.0
Dodging        | 2 3 4 5 6 7 |  7.7
Stealth        | 2 |  2.0
Fighting       | 3 4 5 6 7 8 9 |  9.2
Unarmed Combat | 3 4 5 7 8 9 |  9.4
Armour         | 4 5 6 7 |  7.7
Evocations     | 3 |  3.0
Summonings     | 2 3 |  3.2
Shapeshifting  | 1 |  1.1
Transmutations | |  0.8

Action                     |  1- 3 |  4- 6 |  7- 9 | 10-12 | 13-15 || total
---------------------------+-------+-------+-------+-------+-------++-------
  Melee: Unarmed           |       |    12 |    24 |    50 |    24 ||   110
         Punch             |       |       |       |     4 |     5 ||     9
         Tailslap          |       |       |       |     5 |     8 ||    13
  Throw: Dart              |       |       |       |     1 |       ||     1
   Cast: Sandblast         |    63 |    60 |    43 |    33 |       ||   199
         Stone Arrow       |       |     9 |   154 |   386 |    59 ||   608
         Iskenderun's Batt |       |       |       |    32 |    11 ||    43
  Evoke: Wand              |       |     1 |     2 |     1 |       ||     4
    Use: Scroll            |     3 |     2 |       |     3 |     1 ||     9
         Potion            |       |       |       |       |     1 ||     1
   Stab: Paralysed         |       |       |    15 |    17 |     2 ||    34
 Armour: Robe              |     2 |       |       |       |       ||     2
         Leather armour    |       |    15 |    46 |       |       ||    61
         Acid dragon scale |       |       |     4 |   106 |    27 ||   137
         Skin              |       |       |       |     1 |       ||     1
  Dodge: Dodged            |    12 |    16 |    37 |    86 |    14 ||   165
  Block: Other             |       |       |     9 |    26 |     8 ||    43

Table legend: (Time is in decaauts)
 A = Elapsed time spent in this place.
 B = Non-inter-level travel time spent in this place.
 C = Inter-level travel time spent in this place.
 D = Time resting spent in this place.
 E = Time spent auto-exploring this place.
 F = Levels seen in this place.
 G = Mean time per level.
                   A        B        C        D        E       F      G
               +--------+--------+--------+--------+--------+-----+--------+
         Total |  21347 |  20563 |    784 |   8345 |   8732 |  13 | 1642.1 |
       Dungeon |  15337 |  14621 |    716 |   5862 |   6289 |   9 | 1704.1 |
        Temple |      1 |      1 |      0 |      0 |      0 |   1 |    1.0 |
          Lair |   6007 |   5939 |     68 |   2483 |   2442 |   3 | 2002.3 |
               +--------+--------+--------+--------+--------+-----+--------+

Top non-repeatable levels by time:
     D:8: 3300 daAuts
     D:9: 2997 daAuts
  Lair:1: 2909 daAuts
     D:7: 2223 daAuts
  Lair:2: 1678 daAuts
  Lair:3: 1420 daAuts
     D:6: 1341 daAuts
     D:1: 1307 daAuts
     D:2: 1134 daAuts
     D:5: 1126 daAuts
     D:4: 1097 daAuts
     D:3: 808 daAuts
  Temple: 1 daAuts
